AoeStats
← tony le gros rou

Black Forest

507558592Analyzed
4v4 RM · 13d ago on Sep 18, 2026· 21m 57s· 8 players
Game mode
Random Map
Map size
Large (8 player)
Population
200
Speed
Normal
Resources
Standard
Victory
Conquest
Starting age
Dark Age
Ending age
Imperial Age
RankedLock teamsTeams togetherTeam positionsShared explorationLock speedFull tech treeHidden civsTurbo modeCheats
Victory
Defeat
🇫🇷 Mongols · France
1556
+12
🇫🇷 Saracens · France
1493
+14
🇩🇪 Khmer · Germany
1481
+15
🇫🇷 Britons · France
1456
+17
🇫🇷 Vietnamese · France
1479
-15
🇺🇸 Turks · United States
1464
-15
🇦🇷 Malay · Argentina
1451
-14
🇨🇳 Lithuanians · China
1446
-14
PaRappa56
0:40 Loom
11:23 Feudal Age
14:52 Castle Age
13:03 Fletching
15:30 Bodkin Arrow
Wizo
0:30 Loom
10:27 Feudal Age
11:02 Double-Bit Axe
15:10 Horse Collar
16:08 Fletching
17:08 Wheelbarrow
23:37 Castle Age
iiiiice
5:29 Loom
10:47 Feudal Age
11:26 Double-Bit Axe
14:26 Castle Age
13:10 Horse Collar
15:34 Bow Saw
20:01 Scale Barding Armor
20:53 Bloodlines
Zargo
11:27 Feudal Age
11:48 Double-Bit Axe
14:35 Castle Age
13:04 Loom
14:23 Horse Collar
15:03 Bow Saw
20:50 Scale Barding Armor
21:09 Husbandry
Tonymontana
5:45 Loom
8:26 Feudal Age
15:27 Fletching
16:52 Double-Bit Axe
18:49 Horse Collar
ccereal
7:56 Feudal Age
8:29 Double-Bit Axe
11:48 Fletching
12:28 Padded Archer Armor
14:32 Horse Collar
17:19 Loom
21:11 Castle Age
19:47 Gold Mining
tony le gros rou
6:06 Loom
10:31 Feudal Age
14:31 Castle Age
12:31 Double-Bit Axe
14:16 Scale Barding Armor
14:22 Forging
p0n0n0
5:53 Loom
10:56 Feudal Age
14:02 Castle Age
11:49 Double-Bit Axe
11:45 Horse Collar
15:02 Bow Saw
16:00 Heavy Plow
16:11 Gold Mining
Connection lost

Rejoining the realm…

Still unreachable

The connection could not be restored.

Session expired

The server has moved on; the page needs a fresh start.